 Dungeon Crawl Stone Soup version 0.28.0-53-g5a82cb258f (webtiles) character file.

Game seed: 3013712087759666038

41 Descartes the Ducker (level 3, 0/16 HPs)
             Began as a Felid Wanderer on Aug 18, 2022.
             Slain by an adder (4 damage)
             ... on level 2 of the Dungeon.
             The game lasted 00:03:28 (2013 turns).

Descartes the Ducker (Felid Wanderer)               Turns: 2013, Time: 00:03:29

Health: 0/16       AC:  1    Str: 11    XL:     3   Next: 32%
Magic:  4/4        EV: 19    Int:  9    God:
Gold:   102        SH:  0    Dex: 18    Spells: 2/2 levels left
                                        Lives:  0   Deaths: 0

rFire   . . .      SeeInvis +     - Unarmed
rCold   + . .      Faith    .   (shield unavailable)
rNeg    . . .      Spirit   .   (armour unavailable)
rPois   .          Reflect  .   (helmet unavailable)
rElec   .          Harm     .   (cloak unavailable)
rCorr   .          Rampage  .   (gloves unavailable)
Will    .....                   (boots unavailable)
Stlth   ++........              (no amulet)
HPRegen 0.05/turn               d - ring of protection from cold
MPRegen 0.09/turn               (no ring)

@: quick
A: very small, claws 1, fangs 3, see invisible, speed 1, shaggy fur 1, stealthy
paws, no weapons or thrown items, no armour, multi-lived
a: no special abilities


You were on level 2 of the Dungeon.
You visited 1 branch of the dungeon, and saw 2 of its levels.

You collected 102 gold pieces.

Inventory:

Jewellery
 d - a ring of protection from cold (left paw)
Wands
 b - a wand of flame (2) (quivered)
Scrolls
 a - a scroll of teleportation
 c - a scroll of immolation {unknown}
Potions
 e - a potion of resistance {unknown}
 f - a potion of might {unknown}


   Skills:
 + Level 2.2 Fighting
 * Level 4.6 Dodging
 * Level 2.7 Stealth
 * Level 1.3 Unarmed Combat
 + Level 4.5 Evocations


You had 2 spell levels left.
You didn't know any spells.
Your spell library was empty.

Dungeon Overview and Level Annotations

Branches:
Dungeon (2/15)

Altars:


Innate Abilities, Weirdness & Mutations

You have sharp claws.
You have razor-sharp teeth.
You have supernaturally acute eyesight. (SInv)
You cover ground quickly. (Speed+)
You are covered in fur. (AC +1)
Your paws help you pounce on unaware monsters.
You are incapable of wielding weapons or throwing items.
You cannot wear armour.
You gain extra lives every three experience levels.


Message History

You are too injured to fight recklessly!
You are too injured to fight recklessly!
You are too injured to fight recklessly!
You are too injured to fight recklessly!
You are too injured to fight recklessly!
You are too injured to fight recklessly!
You are too injured to fight recklessly!
You are too injured to fight recklessly!
You are too injured to fight recklessly!
You are too injured to fight recklessly!
You are too injured to fight recklessly!
You are too injured to fight recklessly!
You are too injured to fight recklessly!
You are too injured to fight recklessly!
You are too injured to fight recklessly!
You are too injured to fight recklessly!
You are too injured to fight recklessly!
You are too injured to fight recklessly!
You are too injured to fight recklessly!
You are too injured to fight recklessly!
You are too injured to fight recklessly!
You are too injured to fight recklessly!
You are too injured to fight recklessly!
You are too injured to fight recklessly!
You are too injured to fight recklessly!
You are too injured to fight recklessly!
You are too injured to fight recklessly!
You feel sick.
Unknown command.
The gnoll shouts!
You hear a shout!
You feel sick.
You feel sick.
You feel sick.
You are no longer poisoned.
The adder bites you but does no damage. The adder closely misses you.
The adder misses you.
You scratch the gnoll.
The gnoll is lightly wounded.
The adder bites you.
You die...

##########..#.# #.##....#......
#.............# #.##.##.#.#####
#.########..#.#####..............
#.# #.>..............#...... ..#
###########..########### ..#
#........#..# .<### #.#..g##.#..#
....# #.#..S##.#..# ..#.#
#.....@#g####
..#.############g#K#
.................#g#
#.#.#########....#.##
#...............#..g#
####.##########....w.......
......# ......#g#.....^ ####..#
###.###.#...... #..# #.# #.#
.....


You could see a gnoll, an adder and a hobgoblin.

Vanquished Creatures
  A dart slug (D:2)
  A worm (D:2)
  5 ball pythons
  6 bats
  3 endoplasms
  2 giant cockroaches (D:1)
  4 goblins
  6 hobgoblins
  A frilled lizard (D:1)
  2 kobolds (D:1)
  2 rats (D:1)
33 creatures vanquished.

Vanquished Creatures (others)
  A goblin (D:1)
  A hobgoblin (D:1)
  A bat (D:1)
3 creatures vanquished.

Grand Total: 36 creatures vanquished

Notes
Turn   | Place    | Note
-------+----------+-------------------------------------------
     0 | D:1      | Descartes the Felid Wanderer began the quest for the Orb.
     0 | D:1      | Descartes set off with the following items: a scroll of
                  | teleportation, a wand of flame (6)
     0 | D:1      | Reached XP level 1. HP: 9/9 MP: 2/2
   696 | D:1      | Reached XP level 2. HP: 13/13 MP: 3/3
  1133 | D:1      | Reached skill level 1 in Unarmed Combat
  1324 | D:1      | Found the +8 trident of the Octopus King {venom, rElec
                  | rPois}
  1428 | D:1      | Found a faded altar of an unknown god.
  1661 | D:2      | Reached XP level 3. HP: 15/16 MP: 4/4
  1994 | D:2      | Noticed Terence
  2013 | D:2      | Slain by an adder

Illustrated notes

Levels and vault maps discovered:
D:1:      nzn_arrival_crosshair, layout_basic, basic_ecumenical_altar,
          lemuel_flame_loot_1
D:2:      layout_basic, nicolae_wormholes, uniq_terence, uniq_crazy_yiuf_cottage

Skill      XL: |  1  2 |
---------------+-------+-----
Stealth        | 2 |  2.7
Unarmed Combat | 1 |  1.3
Fighting       | |  2.2
Dodging        | |  4.6
Evocations     | |  4.5

Action                   || total
-------------------------++-------
Melee: Unarmed           ||    96
       Bite              ||     8
       Punch             ||     1
Evoke: Wand              ||     4
 Stab: Sleeping          ||     6
Armor: Skin              ||    11
Dodge: Dodged            ||    73
